[ AOE2 MATCH · #474681069 ]
Team RMSaracens vs Italians
[ REPLAY ANALYSIS · EXTRACTED FROM THE RECORDED GAME ]
Feudal
—
Castle
—
Imperial
—
| APM avg | 32.3 |
| APM peak | 14 |
| eAPM avg | 27.6 |
| Villagers / military | 4 / 0 |
Focus
⚔️ 0.0% · 🌾 100.0%
Feudal
—
Castle
—
Imperial
—
| APM avg | 53.0 |
| APM peak | 23 |
| eAPM avg | 25.3 |
| Villagers / military | 5 / 0 |
Focus
⚔️ 0.0% · 🌾 100.0%
Feudal
—
Castle
—
Imperial
—
| APM avg | 13.8 |
| APM peak | 6 |
| eAPM avg | 6.9 |
| Villagers / military | 0 / 0 |
Feudal
—
Castle
—
Imperial
—
| APM avg | 25.3 |
| APM peak | 11 |
| eAPM avg | 23.0 |
| Villagers / military | 3 / 0 |
Focus
⚔️ 0.0% · 🌾 100.0%
Feudal
—
Castle
—
Imperial
—
| APM avg | 62.2 |
| APM peak | 27 |
| eAPM avg | 20.7 |
| Villagers / military | 4 / 0 |
Focus
⚔️ 0.0% · 🌾 100.0%
Feudal
—
Castle
—
Imperial
—
| APM avg | 6.9 |
| APM peak | 3 |
| eAPM avg | 6.9 |
| Villagers / military | 0 / 0 |
Feudal
—
Castle
—
Imperial
—
| APM avg | 20.7 |
| APM peak | 9 |
| eAPM avg | 20.7 |
| Villagers / military | 4 / 0 |
Focus
⚔️ 0.0% · 🌾 100.0%
Feudal
—
Castle
—
Imperial
—
| APM avg | 13.8 |
| APM peak | 6 |
| eAPM avg | 13.8 |
| Villagers / military | 0 / 0 |
Match map
Initial resources + every placement click. Lines = walls · curves = elevation contours. ◆ gold · ⬟ stone · ● berries · ✦ relic · ◌ wall gap
Your base
DJoseLuis96's base
Goth2Boss's base
AtlanteanX's base
SquatchBOSS's base
LordSandwichBoss's base
. faLLen's base
BookishBoss's base
Smoothed initial terrain · ◌ = detected wall gap · hover for details
Inputs per minute
— Chuky Ⓤ - - DJoseLuis96
Build order — Chuky Ⓤ
4 actions detected in the replay
| 0:02 | Research | Loom |
| 0:02 | Research | Loom |
| 0:03 | Create | Villager (Male) ×4 |
| 0:14 | Build | House |
Build order — DJoseLuis96
8 actions detected in the replay
| 0:02 | Create | Villager (Male) |
| 0:02 | Create | Villager (Male) |
| 0:02 | Create | Villager (Male) |
| 0:03 | Create | Villager (Male) |
| 0:03 | Create | Villager (Male) |
| 0:04 | Build | House |
| 0:07 | Build | House |
| 0:08 | Build | House |
Build order — Goth2Boss
0 actions detected in the replay
Build order — AtlanteanX
5 actions detected in the replay
| 0:07 | Build | House |
| 0:10 | Build | House |
| 0:13 | Create | Villager (Male) |
| 0:14 | Create | Villager (Male) |
| 0:14 | Create | Villager (Male) |
Build order — SquatchBOSS
6 actions detected in the replay
| 0:03 | Build | House |
| 0:04 | Build | House |
| 0:06 | Create | Villager (Male) |
| 0:06 | Create | Villager (Male) |
| 0:07 | Create | Villager (Male) |
| 0:07 | Create | Villager (Male) |
Build order — LordSandwichBoss
0 actions detected in the replay
Build order — . faLLen
6 actions detected in the replay
| 0:14 | Build | House |
| 0:17 | Build | House |
| 0:23 | Create | Villager (Male) |
| 0:23 | Create | Villager (Male) |
| 0:24 | Create | Villager (Male) |
| 0:24 | Create | Villager (Male) |
Build order — BookishBoss
0 actions detected in the replay
Match timeline
| 0:05 | LordSandwichBoss · resign |
[ AI ANALYSIS · 1 CREDIT ]
What really happened in this match?
Wolo.gg analyzes every decision: build order, eco, micro, common mistakes by bracket. Personalized analysis on WhatsApp or Discord in 30 seconds.
Civ guide
Saracens
Map guide
Arena
Perfil
Chuky Ⓤ